 Dungeon Sprint DCSS version 0.22-a0-402-ga933591907 (webtiles) character file.

8277 Hephaistos the Demonic Aeon (level 11, 0/92 HPs)
             Began as a Demonspawn Gladiator on May 6, 2018.
             Was the Champion of Cheibriados.
             Slain by a catoblepas (2 damage)
             ... in the Dungeon (Sprint IX: "|||||||||||||||||||||||||||||").
             The game lasted 00:02:19 (1090 turns).

Hephaistos the Demonic Aeon (Demonspawn Gladiator)  Turns: 1090, Time: 00:02:19

Health: 0/92       AC: 16    Str: 33    XL:     11   Next: 7%
Magic:  6/23       EV:  2    Int: 27    God:    Cheibriados [******]
Gold:   23         SH:  0    Dex: 38    Spells: 10/10 levels left

rFire    + . .     SeeInvis .   o - +4 quarterstaff (drain)
rCold    . . .     Gourm    .   (shield currently unavailable)
rNeg     + + +     Faith    .   r - +1 chain mail
rPois    ∞         Spirit   .   c - +0 helmet
rElec    .         Reflect  .   (no cloak)
rCorr    .         Harm     .   q - +0 pair of gloves
MR       .....     NoTele   +   p - +0 pair of boots
Stlth    +.........             (no amulet)
HPRegen  0.25/turn              s - +3 ring of intelligence
MPRegen  0.18/turn              t - +3 ring of strength

@: agile, petrified, very slow
A: talons 1, repulsion field 2, fire resistance 1, powered by pain 1,
augmentation 1
a: Bend Time, Temporal Distortion, Slouch, Step From Time, Renounce Religion


You were in the Dungeon.
You worshipped Cheibriados.
Cheibriados was exalted by your worship.
You were hungry.

You visited 1 branch You collected 23 gold pieces.

Inventory:

Hand Weapons
 o - a +4 quarterstaff of draining (weapon)
Missiles
 d - 3 throwing nets (quivered)
Armour
 c - a +0 helmet (worn)
 p - a +0 pair of boots (worn)
 q - a +0 pair of gloves (worn)
 r - a +1 chain mail (worn)
Jewellery
 s - a +3 ring of intelligence (left hand)
 t - a +3 ring of strength (right hand)
Wands
 n - a wand of acid (10)
Scrolls
 b - 2 scrolls of fear
 j - 3 scrolls of fog
 k - 2 scrolls of blinking
 l - 3 scrolls of remove curse
 m - 2 scrolls of amnesia
Potions
 a - 3 potions of brilliance
 e - 7 potions of curing
 g - 2 potions of heal wounds
 h - a potion of haste
 i - 4 potions of magic
Comestibles
 f - a ration


   Skills:
 + Level 10.7 Fighting
 + Level 15.2 Staves
 - Level 1.7 Throwing
 + Level 8.0 Armour
 + Level 9.4 Dodging
 * Level 16.3 Invocations


You had 10 spell levels left.
You didn't know any spells.

Dungeon Overview and Level Annotations

Branches:
Dungeon (1/1)

Altars:
Cheibriados
Dithmenos
Elyvilon
Fedhas
Gozag
Hepliaklqana
Kikubaaqudgha
Makhleb
Nemelex Xobeh
Okawaru
Qazlal
Ru
Sif Muna
Trog
Uskayaw
Vehumet
Wu Jian
Xom
Yredelemnul
Zin
The Shining One
Beogh
Jiyva
Lugonu


Innate Abilities, Weirdness & Mutations

You have sharp toenails.
You are surrounded by a moderate repulsion field. (EV +3)
Your flesh is heat resistant. (rF+)
You sometimes gain a little power by taking damage.
Your magical and physical power is slightly enhanced at high health.


Message History

* * * LOW HITPOINT WARNING * * *
The catoblepas breathes a plume of calcifying dust at you.
The blast of calcifying dust hits you!
* * * LOW HITPOINT WARNING * * *
You are engulfed in calcifying dust.
The catoblepas gores you!!
* * * LOW HITPOINT WARNING * * *
You are engulfed in calcifying dust.
The catoblepas breathes a plume of calcifying dust at you.
The blast of calcifying dust hits the catoblepas.
The blast of calcifying dust hits you!
* * * LOW HITPOINT WARNING * * *
The catoblepas gores you!!
* * * LOW HITPOINT WARNING * * *
You are engulfed in calcifying dust.
The catoblepas breathes a plume of calcifying dust at you.
The blast of calcifying dust hits the catoblepas.
The blast of calcifying dust hits you!
* * * LOW HITPOINT WARNING * * *
The catoblepas gores you.
You die...

▓▓▓▓▓▓▓▓▓▓▓▓▓▓▓▓▓▓▓▓▓▓▓▓▓▓▓▓▓▓▓▓▓
_________________'..|)....[÷.(...
▓▓▓▓▓▓▓▓▓▓▓▓▓▓▓▓▓▓▓▓▓▓▓▓▓▓▓▓▓▓▓▓▓
.................................
▓▓▓▓▓▓▓▓▓▓▓▓▓▓▓▓▓▓▓▓▓▓▓▓▓▓▓▓▓▓▓▓▓
..÷÷..÷÷....§.§§@YYY†..†
▓▓▓▓▓▓▓▓▓▓▓▓▓▓▓▓▓▓▓▓▓▓▓▓


You could see 2 catoblepae and a yak.

Vanquished Creatures
  A hydra (D)
  A catoblepas (D)
  A two-headed ogre (D)
  A centaur warrior (D)
  2 death yaks (D)
  A lindwurm (D)
  An ugly thing (D)
  An elephant (D)
  2 black mambas (D)
  3 spiny frogs (D)
  A komodo dragon (D)
  A polar bear (D)
  2 yaks (D)
  2 water moccasins (D)
  2 porcupines (D)
  A sky beast (D)
  A centaur (D)
  A crocodile (D)
  5 bullfrogs (D)
  2 jellies (D)
  2 adders (D)
  An adder skeleton (D)
  A leopard gecko (D)
  A hobgoblin (D)
  A jackal (D)
  2 frilled lizards (D)
  A goblin (D)
  2 kobolds (D)
  A leopard gecko skeleton (D)
  A leopard gecko zombie (D)
45 creatures vanquished.

Notes
Turn   | Place    | Note
-------+----------+-------------------------------------------
     0 | D        | Hephaistos the Demonspawn Gladiator began the quest for the Orb.
     0 | D        | Reached XP level 1. HP: 16/16 MP: 1/1
   167 | D        | Gained mutation: You are surrounded by a mild repulsion field. (EV +2) [demonic ancestry]
   167 | D        | Reached XP level 2. HP: 22/22 MP: 2/2
   171 | D        | Reached skill level 5 in Staves
   206 | D        | Found a roughly hewn altar of Beogh.
   206 | D        | Found a snail-covered altar of Cheibriados.
   206 | D        | Found a shadowy altar of Dithmenos.
   206 | D        | Found a white marble altar of Elyvilon.
   206 | D        | Found a blossoming altar of Fedhas.
   206 | D        | Found an opulent altar of Gozag.
   207 | D        | Found a hazy altar of Hepliaklqana.
   208 | D        | Found a viscous altar of Jiyva.
   209 | D        | Found an ancient bone altar of Kikubaaqudgha.
   210 | D        | Found a corrupted altar of Lugonu.
   212 | D        | Became a worshipper of Cheibriados the Contemplative
   214 | D        | Found a burning altar of Makhleb.
   215 | D        | Found a sparkling altar of Nemelex Xobeh.
   216 | D        | Found an iron altar of Okawaru.
   217 | D        | Found a stormy altar of Qazlal.
   218 | D        | Found a sacrificial altar of Ru.
   219 | D        | Found a deep blue altar of Sif Muna.
   220 | D        | Found a bloodstained altar of Trog.
   221 | D        | Found a hide-covered altar of Uskayaw.
   222 | D        | Found a radiant altar of Vehumet.
   223 | D        | Found an ornate altar of the Wu Jian Council.
   224 | D        | Found a shimmering altar of Xom.
   225 | D        | Found a basalt altar of Yredelemnul.
   226 | D        | Found a glowing silver altar of Zin.
   227 | D        | Found a glowing golden altar of the Shining One.
   280 | D        | Noticed a bullfrog
   280 | D        | Noticed a sky beast
   281 | D        | Reached skill level 1 in Invocations
   281 | D        | Gained mutation: You have sharp toenails. [demonic ancestry]
   281 | D        | Reached XP level 3. HP: 27/27 MP: 3/3
   288 | D        | Killed a bullfrog
   288 | D        | Reached * piety under Cheibriados
   288 | D        | Reached skill level 1 in Armour
   288 | D        | Reached skill level 3 in Invocations
   288 | D        | Reached XP level 4. HP: 30/35 MP: 3/6
   289 | D        | Reached ** piety under Cheibriados
   298 | D        | Killed a sky beast
   298 | D        | Reached skill level 5 in Dodging
   298 | D        | Reached skill level 5 in Invocations
   298 | D        | Reached XP level 5. HP: 38/42 MP: 3/9
   304 | D        | Reached skill level 6 in Invocations
   394 | D        | Noticed a two-headed ogre
   394 | D        | Noticed a brown ugly thing
   394 | D        | Noticed a centaur
   394 | D        | Noticed a centaur warrior
   406 | D        | Killed a two-headed ogre
   406 | D        | Reached *** piety under Cheibriados
   406 | D        | Reached skill level 9 in Invocations
   406 | D        | Gained mutation: Your flesh is heat resistant. (rF+) [demonic ancestry]
   406 | D        | Reached XP level 6. HP: 42/52 MP: 9/12
   406 | D        | Gained mutation: You are surrounded by a moderate repulsion field. (EV +3) [demonic ancestry]
   406 | D        | Reached XP level 7. HP: 47/58 MP: 9/13
   417 | D        | Killed a brown ugly thing
   417 | D        | Reached skill level 10 in Invocations
   417 | D        | Reached XP level 8. HP: 36/65 MP: 10/15
   422 | D        | Killed a centaur warrior
   422 | D        | Reached **** piety under Cheibriados
   425 | D        | Reached skill level 11 in Invocations
   425 | D        | Gained mutation: You sometimes gain a little power by taking damage. [demonic ancestry]
   425 | D        | Reached XP level 9. HP: 30/73 MP: 11/17
   427 | D        | Reached ***** piety under Cheibriados
   753 | D        | Noticed a black mamba
   753 | D        | Noticed a komodo dragon
   753 | D        | Noticed a spiny frog
   755 | D        | Killed a black mamba
   755 | D        | Reached skill level 5 in Armour
   759 | D        | Noticed a black mamba
   760 | D        | Killed a spiny frog
   760 | D        | Reached skill level 12 in Invocations
   760 | D        | Reached ****** piety under Cheibriados
   760 | D        | Killed a black mamba
   761 | D        | Killed a komodo dragon
   783 | D        | Noticed a six-headed hydra
   783 | D        | Noticed an elephant
   783 | D        | Noticed a spiny frog
   783 | D        | Noticed a polar bear
   785 | D        | Killed a spiny frog
   785 | D        | Reached XP level 10. HP: 72/83 MP: 8/19
   787 | D        | Killed a six-headed hydra
   787 | D        | Reached skill level 13 in Invocations
   792 | D        | Noticed a lindwurm
   792 | D        | Killed an elephant
   796 | D        | Noticed a spiny frog
   803 | D        | Killed a lindwurm
   803 | D        | Reached skill level 10 in Fighting
   803 | D        | Reached skill level 14 in Invocations
   806 | D        | Killed a spiny frog
  1054 | D        | Noticed a death yak
  1054 | D        | Noticed a death yak
  1054 | D        | Noticed a catoblepas
  1054 | D        | Noticed a catoblepas
  1058 | D        | Reached skill level 15 in Staves
  1059 | D        | Killed a death yak
  1059 | D        | Reached skill level 15 in Invocations
  1060 | D        | Killed a death yak
  1060 | D        | Gained mutation: Your magical and physical power is slightly enhanced at high health. [demonic ancestry]
  1060 | D        | Reached XP level 11. HP: 85/92 MP: 5/22
  1063 | D        | Noticed a catoblepas
  1084 | D        | Killed a catoblepas
  1084 | D        | Reached skill level 16 in Invocations
  1089 | D        | HP: 2/92 [catoblepas (12)]
  1090 | D        | Slain by a catoblepas

Vault maps used:
D:        linesprint

Skill      XL: |  1  2  3  4  5  6  7  8  9 10 11 |
---------------+----------------------------------+-----
Staves         | 4 5 6 8 11 12 14 15 | 15.2
Dodging        | 3 4 5 7 8 9 |  9.4
Invocations    | 1 3 5 9 10 11 12 15 16 | 16.3
Fighting       | 3 6 7 9 10 | 10.7
Armour         | 1 3 4 6 7 8 |  8.0
Throwing       | |  1.7

Action                   |  1- 3 |  4- 6 |  7- 9 | 10-12 || total
-------------------------+-------+-------+-------+-------++-------
Melee: Quarterstaff      |    31 |    25 |    26 |    27 ||   109
Invok: Slouch            |       |       |     3 |     6 ||     9
  Use: Potion            |     1 |     3 |       |     1 ||     5
Armor: Leather armour    |     1 |       |       |       ||     1
       Chain mail        |     7 |     7 |     5 |    20 ||    39
Dodge: Dodged            |    12 |    12 |    18 |    18 ||    60

Table legend:
 A = Spawn XP
 B = Non-spawn XP
 C = Spawn XP percentage of total XP
 D = Spawn monster count
 E = Non-spawn monster count
 F = Spawn count percentage of total count
 G = Total turns spent on level
                    A         B        C        D         E        F      G
               +---------+---------+-------+---------+---------+-------+---------
         Total |       0 |   11825 |   0.0 |       0 |      45 |   0.0 |  1090
               +---------+---------+-------+---------+---------+-------+---------
             D |       0 |   11825 |   0.0 |       0 |      45 |   0.0 |  1090
               +---------+---------+-------+---------+---------+-------+---------
